 Dungeon Crawl Stone Soup version 0.26-a0-710-g95a0c6c400 (webtiles) character file.

Game seed: 88999650818879566

37545 tzalcoatl the Impaler (level 13, -12/111 HPs)
             Began as a Merfolk Gladiator on Oct 29, 2020.
             Was a High Priest of Fedhas.
             Mangled by a death yak (17 damage)
             ... while paralysed by a hornet
             ... on level 6 of the Lair of Beasts on Oct 30, 2020.
             The game lasted 02:11:15 (19406 turns).

tzalcoatl the Impaler (Merfolk Gladiator)          Turns: 19406, Time: 02:11:16

Health: -12/111    AC: 18    Str: 19    XL:     13   Next: 97%
Magic:  20/20      EV:  2    Int:  7    God:    Fedhas [*****.]
Gold:   956        SH:  0    Dex: 16    Spells: 12/12 levels left

rFire    . . .     SeeInvis .   a - +0 trident
rCold    . . .     Faith    +   R - +1 kite shield
rNeg     . . .     Spirit   .   I - +6 scale mail
rPois    .         Reflect  .   g - +2 helmet
rElec    .         Harm     .   p - +1 cloak
rCorr    .         Rampage  .   o - +0 pair of gloves
MR       .....                  (boots currently unavailable)
Stlth    +++.......             j - amulet of faith
HPRegen  0.28/turn              G - +4 ring of evasion
MPRegen  0.17/turn              q - +4 ring of evasion

@: paralysed, frozen, berserk cooldown, slowed, quick
A: change form in water, swift swim, stealthy swim
a: Wall of Briars, Grow Ballistomycete, Overgrow, Grow Oklob, Renounce Religion


You were on level 6 of the Lair of Beasts.
You worshipped Fedhas.
Fedhas was extremely pleased with you.
You visited 2 branches of the dungeon, and saw 16 of its levels.
You also visited: Bailey.

You collected 1124 gold pieces.
You spent 168 gold pieces at shops.

Inventory:

Hand Weapons
 a - a +0 trident (weapon)
Missiles
 J - a throwing net
 M - 4 atropa-tipped darts
 V - a boomerang (quivered)
Armour
 g - a +2 helmet (worn)
 m - a +2 pair of boots of rampaging (melded)
 o - a +0 pair of gloves (worn)
 p - a +1 cloak (worn)
 I - a +6 scale mail (worn)
 R - a +1 kite shield (worn)
Jewellery
 h - an uncursed ring of poison resistance
 j - an amulet of faith (around neck)
 q - a +4 ring of evasion (right hand)
 v - an uncursed ring of protection from fire
 w - an uncursed ring of see invisible
 y - an uncursed ring of protection from magic
 F - an uncursed amulet of magic regeneration {unknown}
 G - a +4 ring of evasion (left hand)
 Z - an uncursed ring of protection from fire
Wands
 b - a wand of enslavement (11)
 K - a wand of iceblast (8)
 L - a wand of acid (6)
 S - a wand of flame (16)
 T - a wand of paralysis (14)
 X - a wand of digging (4)
Scrolls
 c - 5 scrolls of fog
 d - 3 scrolls of enchant weapon
 t - 5 scrolls of teleportation
 A - a scroll of acquirement {unknown}
 B - 6 scrolls of summoning
 D - a scroll of blinking
 E - 2 scrolls of magic mapping
 H - 7 scrolls of remove curse
 N - a scroll of vulnerability {unknown}
 O - 2 scrolls of random uselessness {unknown}
 P - 3 scrolls of immolation
 U - 2 scrolls of holy word {unknown}
 Y - a scroll of fear {unknown}
Potions
 e - 7 potions of heal wounds
 f - 3 potions of ambrosia
 i - 7 potions of might
 k - 2 potions of haste
 l - a potion of degeneration {unknown}
 r - a potion of berserk rage
 x - 7 potions of curing
 z - a potion of magic
 C - 3 potions of resistance
 Q - a potion of mutation {unknown}


   Skills:
 + Level 13.1 Fighting
 - Level 15.2 Polearms
 - Level 2.0 Throwing
 + Level 13.0 Dodging
 - Level 6.0 Stealth
 * Level 9.9 Shields
 + Level 10.0 Invocations


You had 12 spell levels left.
You didn't know any spells.
Your spell library contained the following spells:

 Spells                   Type           Power        Failure   Level
 Corona                   Hex            #......      96%         1
 Magic Dart               Conj           #...         96%         1
 Ensorcelled Hibernation  Hex/Ice        #.....       99%         2
 Searing Ray              Conj           #.....       99%         2
 Confusing Touch          Hex            #.......     100%        3
 Dazzling Flash           Conj/Hex       #.....       100%        3
 Gell's Gravitas          Tloc           #.........   100%        3
 Tukima's Dance           Hex            #.......     100%        3
 Fulminant Prism          Conj/Hex       #.........   100%        4
 Iskenderun's Mystic Bla  Conj/Tloc      #.......     100%        4
 Petrify                  Tmut/Erth      #.......     100%        4
 Irradiate                Conj/Tmut      #.........   100%        5
 Metabolic Englaciation   Hex/Ice        #.........   100%        5
 Yara's Violent Unravell  Hex/Tmut       #.........   100%        5
 Hydra Form               Tmut           #.........   100%        6
 Statue Form              Tmut/Erth      #........    100%        6
 Dragon Form              Tmut           #.........   100%        7


Dungeon Overview and Level Annotations

Branches:
Dungeon (10/15)            Temple (0/1) D:6            Lair (6/6) D:10
 Shoals (0/4) Lair:4        Snake (0/4) Lair:2        Slime (0/5) Lair:6
 Bailey (visited)
    Orc: D:9-12

Altars:
Dithmenos
Fedhas
Okawaru
Sif Muna
Uskayaw
Vehumet
Yredelemnul
Zin

Shops:
D:7 ?   D:8 =   D:9 *


Message History

The eight-headed hydra bites you.
* * * LOW HITPOINT WARNING * * *
The eight-headed hydra bites you.
* * * LOW HITPOINT WARNING * * *
The eight-headed hydra bites you but does no damage. x2
The eight-headed hydra bites you.
* * * LOW HITPOINT WARNING * * *
The eight-headed hydra bites you but does no damage.
The eight-headed hydra bites you.
* * * LOW HITPOINT WARNING * * *
The dream sheep shake their wool and sparkle.
You feel drowsy...
You can't fall asleep in your current state!
The hornet stings the plant.
The plant begins to die.
The plant is poisoned.
The death yak gores you but does no damage.
The hornet completely misses you.
The hornet stings you but does no damage.
The death yak gores you!
You die...
Fedhas appreciates your contribution to the ecosystem.

*≈***,,,,,,,,,≈≈≈≈≈≈≈≈*≈≈≈≈≈≈≈≈≈≈
,,*,*,,,,......**≈#≈≈≈,≈*≈≈≈≈≈≈≈≈
,≈,**,,*,.....≈##≈≈≈≈≈*≈≈≈≈≈≈≈≈≈≈
*,,**,,**......≈PP≈≈≈≈*≈≈≈≈≈≈≈≈≈≈
,≈≈,**,,*.....≈≈≈≈≈≈≈≈*≈≈≈*≈*≈≈≈≈
+*****,**.....≈Y.≈#≈≈8*≈≈≈≈≈≈≈≈≈8
,,,,*,,,##....YY#Y#######*,*,****
,,,,,,,,......YYyk†P≈≈≈≈P≈≈≈≈≈≈≈≈
,,,,,,,,....kYYY@ySk≈P≈≈≈≈≈≈≈≈≈≈≈
,,,,,,,,.......##D†##y≈.#≈≈,*≈≈*,
,,,,,,,,......≈#.≈≈##≈≈#.≈≈*,≈≈**
,,,,,,*,PPP.....≈≈≈≈≈.≈≈.,≈≈,,,,≈
,,*,,*,*.P.....<.........,,,,,,,,
,*,,,,,,#.P....<.........,,,,,,,,
,**,,,,,.##.....<........,,,,,,,,
,*,*,,,,,#...............,,,,,,,,
,,,,,,,,*#.....†.......).,,,,,,,,


You could see 6 death yaks, an eight-headed hydra, a wind drake (repels
missiles), 2 rime drakes, 3 hornets, a water moccasin, 3 dream sheep and a
friendly ballistomycete (summoned).

Vanquished Creatures
  Snorg (Lair:4)
  A boulder beetle (Lair:3)
  5 hydras
  A two-headed ogre (D:10)
  A death yak (Lair:4)
  6 orc knights (Bailey)
  A cyclops (D:6)
  A manticore (Lair:4)
  A black mamba (Lair:4)
  Joseph (D:7)
  9 cane toads
  15 elephants
  2 torpor snails
  A centaur skeleton (D:10)
  2 rime drakes
  2 komodo dragons
  2 trolls (D:9)
  A wind drake (Lair:4)
  A polar bear (Lair:6)
  Prince Ribbit (D:7)
  A hornet (Lair:4)
  10 blink frogs
  7 dream sheep
  30 yaks
  Eustachio (D:5)
  4 wyverns
  4 basilisks
  10 water moccasins
  10 orc warriors
  Duvessa (D:7)
  A hornet zombie (D:10)
  2 phantoms
  4 ice beasts
  3 sky beasts
  10 wolves
  2 necrophages (D:7)
  2 black bears
  7 ogres
  The ghost of LufLufFighter the Magician, an amateur DrTm (D:4)
  2 big kobolds
  13 bullfrogs
  A gnoll sergeant (D:9)
  A scorpion (D:4)
  Dowan (D:7)
  5 killer bees (D:8)
  A water moccasin skeleton (D:5)
  7 wights
  An electric eel (Lair:1)
  3 howler monkeys
  3 bullfrog zombies
  A quasit (D:9)
  A centaur zombie (D:5)
  7 hounds
  A jelly (D:10)
  2 bullfrog skeletons
  8 orc wizards
  3 iguanas
  3 hell rats (Lair:6)
  7 worker ants
  3 hound skeletons
  5 gnolls (D:9)
  A worker ant zombie (D:10)
  5 adders
  A shadow imp (D:7)
  2 white imps
  2 ufetubi
  2 worms
  2 dart slugs (D:1)
  8 leopard geckos
  44 orcs
  7 giant cockroaches
  12 goblins
  12 hobgoblins
  9 jackals
  9 kobolds
  A quokka (D:2)
  7 bats
  5 frilled lizards
  A leopard gecko skeleton (D:5)
  A quokka skeleton (D:5)
  7 rats
  4 ballistomycete spores
386 creatures vanquished.

Vanquished Creatures (collateral kills)
  A centaur warrior (D:6)
  A rime drake (Lair:4)
  2 blink frogs (Lair:4)
  A wight (D:6)
  An orc priest (D:8)
  An orc wizard (D:8)
  A howler monkey zombie (D:6)
  A shadow imp (D:6)
  A white imp (D:6)
  7 orcs
  35 ballistomycete spores
52 creatures vanquished.

Vanquished Creatures (others)
  A wolf (Lair:4)
  A wight (D:6)
  An orc (Bailey)
  2 ballistomycete spores
  13 fungi
  38 plants
  3 withered plants (D:4)
59 creatures vanquished.

Grand Total: 497 creatures vanquished

Notes
Turn   | Place    | Note
-------+----------+-------------------------------------------
     0 | D:1      | tzalcoatl the Merfolk Gladiator began the quest for the
                  | Orb.
     0 | D:1      | Reached XP level 1. HP: 16/16 MP: 1/1
   128 | D:1      | Reached XP level 2. HP: 23/23 MP: 2/2
   382 | D:1      | Reached XP level 3. HP: 23/28 MP: 3/3
   392 | D:1      | Reached skill level 1 in Stealth
  1035 | D:2      | Found a hide-covered altar of Uskayaw.
  1035 | D:2      | Noticed a +0 hand axe
  1035 | D:2      | Noticed a +0 hand axe
  1600 | D:2      | Reached skill level 5 in Polearms
  1602 | D:2      | Reached XP level 4. HP: 35/35 MP: 4/4
  1734 | D:3      | Found a blossoming altar of Fedhas.
  1748 | D:3      | Became a worshipper of Fedhas Madash
  1973 | D:2      | Reached skill level 5 in Dodging
  2058 | D:2      | Reached XP level 5. HP: 33/41 MP: 5/5
  2603 | D:3      | Reached * piety under Fedhas
  2729 | D:4      | Noticed an ogre
  2746 | D:4      | Killed an ogre
  2746 | D:4      | Reached skill level 1 in Invocations
  2746 | D:4      | Reached XP level 6. HP: 48/48 MP: 6/6
  2758 | D:4      | Found an iron altar of Okawaru.
  2784 | D:4      | Found a runed translucent gate.
  2788 | D:4      | Found a runed translucent gate.
  2788 | D:4      | Found a runed translucent gate.
  2790 | D:4      | Noticed LufLufFighter's ghost (amateur DrTm)
  2945 | D:4      | Found a glowing silver altar of Zin.
  3007 | D:4      | Found a basalt altar of Yredelemnul.
  3315 | D:5      | Entered Level 5 of the Dungeon
  3344 | D:5      | Noticed Eustachio
  3366 | D:5      | Noticed an ice beast
  3386 | D:5      | Killed an ice beast
  3386 | D:5      | Reached skill level 6 in Polearms
  3386 | D:5      | Reached XP level 7. HP: 40/55 MP: 8/8
  3689 | D:5      | Reached skill level 5 in Fighting
  3939 | D:4      | Killed LufLufFighter's ghost
  4117 | D:5      | Reached ** piety under Fedhas
  4117 | D:5      | Reached XP level 8. HP: 59/63 MP: 9/9
  4707 | D:6      | Found a transporter.
  4711 | D:6      | Found a blossoming altar of Fedhas.
  4711 | D:6      | Found a transporter.
  4713 | D:6      | Noticed a centaur warrior
  4713 | D:6      | Noticed a cyclops
  4768 | D:6      | Found a staircase to the Ecumenical Temple.
  4795 | D:6      | Found a shadowy altar of Dithmenos.
  4877 | D:6      | Reached skill level 7 in Polearms
  5386 | D:7      | Found Qaxaur's Magic Scroll Boutique.
  5401 | D:7      | Bought a scroll of identify for 28 gold pieces
  5401 | D:7      | Bought a scroll of noise for 14 gold pieces
  5401 | D:7      | Bought a scroll of identify for 28 gold pieces
  5401 | D:7      | Bought a scroll of identify for 28 gold pieces
  5401 | D:7      | Bought a scroll of remove curse for 42 gold pieces
  5401 | D:7      | Bought a scroll of identify for 28 gold pieces
  5500 | D:7      | Reached skill level 8 in Polearms
  5868 | D:8      | Reached XP level 9. HP: 40/72 MP: 10/12
  5875 | D:8      | Reached skill level 9 in Polearms
  6330 | D:8      | Found Ceomal's Jewellery Emporium.
  6401 | D:8      | Found a flagged portal.
  6424 | Bailey   | Entered a bailey
  6569 | Bailey   | Reached *** piety under Fedhas
  6601 | Bailey   | Reached skill level 10 in Polearms
  6875 | Bailey   | Reached skill level 5 in Invocations
  7149 | Bailey   | Noticed an orc knight
  7149 | Bailey   | Noticed an orc knight
  7150 | Bailey   | Noticed an orc knight
  7166 | Bailey   | Noticed an orc knight
  7173 | Bailey   | Killed an orc knight
  7173 | Bailey   | Reached skill level 11 in Polearms
  7173 | Bailey   | Reached XP level 10. HP: 55/83 MP: 10/14
  7178 | Bailey   | Killed an orc knight
  7180 | Bailey   | Noticed an orc knight
  7183 | Bailey   | Killed an orc knight
  7183 | Bailey   | Reached skill level 12 in Polearms
  7185 | Bailey   | Killed an orc knight
  7185 | Bailey   | Reached skill level 10 in Fighting
  7204 | Bailey   | Killed an orc knight
  7433 | Bailey   | Noticed an orc knight
  7459 | Bailey   | Killed an orc knight
  7783 | D:8      | Reached **** piety under Fedhas
  8201 | D:7      | Reached skill level 13 in Polearms
  8304 | D:5      | Killed Eustachio
  8343 | D:5      | Found a shimmering blue altar of Sif Muna.
  8534 | D:6      | Killed a centaur warrior
  8534 | D:6      | Reached XP level 11. HP: 92/92 MP: 7/16
  8540 | D:6      | Killed a cyclops
  8681 | D:7      | Noticed Joseph
  8692 | D:7      | Killed Joseph
  8886 | D:7      | Noticed Prince Ribbit
  8898 | D:7      | Killed Prince Ribbit
  8940 | D:7      | Noticed Dowan
  8949 | D:7      | Killed Dowan
  9044 | D:7      | Noticed Duvessa
  9051 | D:7      | Killed Duvessa
  9916 | D:9      | Reached skill level 10 in Dodging
 10149 | D:9      | Found Sayl's Assorted Antiques.
 10222 | D:9      | Found a radiant altar of Vehumet.
 10597 | D:9      | Reached skill level 14 in Polearms
 10738 | D:10     | Entered Level 10 of the Dungeon
 10864 | D:10     | Noticed a two-headed ogre
 10870 | D:10     | Killed a two-headed ogre
 10996 | D:10     | Found a staircase to the Lair.
 11000 | D:10     | Reached skill level 15 in Polearms
 11051 | D:10     | Reached ***** piety under Fedhas
 11431 | D:10     | Upgraded the game from 0.26-a0-708-g17f3b190f9 to
                  | 0.26-a0-710-g95a0c6c400
 11506 | Lair:1   | Entered Level 1 of the Lair of Beasts
 11610 | Lair:1   | Noticed a six-headed hydra
 11710 | Lair:1   | Killed a six-headed hydra
 11710 | Lair:1   | Reached skill level 1 in Shields
 12179 | Lair:1   | Reached XP level 12. HP: 84/99 MP: 18/18
 12382 | Lair:1   | Noticed a seven-headed hydra
 12399 | Lair:1   | Killed a seven-headed hydra
 12399 | Lair:1   | Reached skill level 5 in Stealth
 13407 | Lair:2   | Noticed an eight-headed hydra
 13416 | Lair:2   | Killed an eight-headed hydra
 13886 | Lair:2   | Found a staircase to the Snake Pit.
 13907 | Lair:2   | Reached skill level 5 in Shields
 14487 | Lair:3   | Found a transporter.
 14489 | Lair:3   | Found a transporter.
 14489 | Lair:3   | Noticed a boulder beetle
 14523 | Lair:3   | Got a shimmering quarterstaff
 15232 | Lair:3   | Reached XP level 13. HP: 84/108 MP: 19/19
 16758 | Lair:4   | Reached ****** piety under Fedhas
 17287 | Lair:4   | Found a staircase to the Shoals.
 18106 | Lair:5   | Noticed Snorg
 18162 | Lair:4   | Killed Snorg
 19357 | Lair:6   | Entered Level 6 of the Lair of Beasts
 19388 | Lair:6   | Paralysed by a hornet for 2 turns
 19389 | Lair:6   | Reached skill level 10 in Invocations
 19403 | Lair:6   | Paralysed by a hornet for 3 turns
 19406 | Lair:6   | HP: 5/111 [eight-headed hydra (3)]
 19406 | Lair:6   | Mangled by a death yak

Illustrated notes

Levels and vault maps discovered:
D:1:      lemuel_arrival_tunnels, layout_rooms, minmay_misc_feat_secret_circle,
          minmay_misc_feat_roman
D:2:      layout_loops_corners, dancing_weapons_uskayaw
D:3:      cheibrodos_greedy_goblins, layout_loops_ring, fedhas_altar_1
D:4:      layout_loops_cross, yredelemnul_altar_generic,
          nicolae_overflow_crystal_walls, lemuel_round_altar,
          gammafunk_ghost_split, dk_noncrumbling_2
D:5:      layout_cave_pools, led_sif_pool, uniq_eustachio
D:6:      layout_basic, gammafunk_temple_overflow_arena,
          grunt_dithmenos_smoke_and_mirrors, minmay_temple_entry_ruins
D:7:      layout_basic, serial_shops, shop_statue, uniq_duvessa, uniq_joseph,
          uniq_prince_ribbit1
D:8:      layout_loops_ring, enter_bailey_2, minmay_shop_enchanted_jewellery
D:9:      layout_loops_ring, vehumet_altar_wand_db, serial_shops,
          nicolae_shop_statue_plus
D:10:     layout_loops_ring, lair_entry_dummy
Lair:1:   layout_regular_city, serial_bayou_shore_a
Lair:2:   layout_long_grid, dummy_snake_entry, grunt_megastairs_5
Lair:3:   gammafunk_boulding_lane, layout_chaotic_city,
          minmay_lair_oklob_chamber
Lair:4:   layout_cave_pods, minmay_shoals_entry_beasts,
          infiniplex_staircase_pool, grunt_megastairs_4
Lair:5:   layout_cave_pods, grunt_megastairs_2, uniq_snorg
Lair:6:   gammafunk_lair_ancient_temple, layout_regular_city, slime_altar_1,
          nicolae_volcano_entry_lava_flow, ebering_ghost_disaster_area,
          minivault_25, lemuel_fruit_fields

Skill      XL: |  1  2  3  4  5  6  7  8  9 10 11 12 13 |
---------------+----------------------------------------+-----
Stealth        | 1 2 3 4 6 |  6.0
Fighting       | 3 4 5 7 9 10 11 12 13 | 13.1
Polearms       | 5 6 8 11 13 15 | 15.2
Dodging        | 5 6 7 8 9 10 11 13 | 13.0
Invocations    | 1 2 4 5 7 8 9 10 | 10.0
Shields        | 2 7 9 |  9.9
Throwing       | |  2.0

Action                   |  1- 3 |  4- 6 |  7- 9 | 10-12 | 13-15 || total
-------------------------+-------+-------+-------+-------+-------++-------
Melee: Trident           |   153 |   188 |   489 |   511 |   573 ||  1914
       Glaive            |       |       |       |   361 |       ||   361
       Tailslap          |       |       |       |       |    18 ||    18
Throw: Throwing net      |       |     2 |     1 |     3 |       ||     6
       Dart              |       |       |    40 |    38 |     2 ||    80
       Boomerang         |       |       |       |    38 |    55 ||    93
Invok: Wall of Briars    |       |       |     2 |     1 |     1 ||     4
       Grow Ballistomyce |       |       |     2 |     1 |     4 ||     7
       Overgrow          |       |       |       |     1 |       ||     1
Evoke: Wand              |       |       |     5 |     7 |     6 ||    18
  Use: Scroll            |       |     5 |     7 |    15 |     2 ||    29
       Potion            |       |       |     3 |     1 |     2 ||     6
 Stab: Sleeping          |     1 |     1 |     1 |     6 |     1 ||    10
       Distracted        |     1 |       |       |     2 |       ||     3
       Held in net/web   |       |     1 |       |     2 |       ||     3
       Invisible         |       |       |     5 |     3 |       ||     8
       Confused          |       |       |       |     4 |       ||     4
       Paralysed         |       |       |       |     3 |       ||     3
Armor: Leather armour    |     8 |       |       |       |       ||     8
       Ring mail         |    35 |    28 |    74 |       |       ||   137
       Crystal plate arm |       |       |    25 |       |       ||    25
       Scale mail        |       |       |       |   116 |   130 ||   246
Dodge: Dodged            |    85 |   104 |   373 |   530 |   349 ||  1441
Block: Buckler           |       |       |       |    10 |       ||    10
       Kite shield       |       |       |       |   129 |   296 ||   425

Table legend: (Time is in decaauts)
 A = Elapsed time spent in this place.
 B = Non-inter-level travel time spent in this place.
 C = Inter-level travel time spent in this place.
 D = Time resting spent in this place.
 E = Time spent auto-exploring this place.
 F = Levels seen in this place.
 G = Mean time per level.
                   A        B        C        D        E       F      G
               +--------+--------+--------+--------+--------+-----+--------+
         Total |  19060 |  18349 |    711 |   3007 |  10627 |  17 | 1121.2 |
       Dungeon |  10307 |   9701 |    606 |   1229 |   5800 |  10 | 1030.7 |
          Lair |   7570 |   7465 |    105 |   1341 |   4453 |   6 | 1261.7 |
        Bailey |   1181 |   1181 |      0 |    437 |    374 |   1 | 1181.0 |
               +--------+--------+--------+--------+--------+-----+--------+

Top non-repeatable levels by time:
  Lair:4: 1947 daAuts
  Lair:3: 1882 daAuts
  Lair:1: 1657 daAuts
     D:9: 1436 daAuts
     D:6: 1364 daAuts
     D:7: 1195 daAuts
     D:2: 1185 daAuts
  Bailey: 1181 daAuts
     D:8: 1097 daAuts
  Lair:2: 1064 daAuts
     D:5: 1028 daAuts
  Lair:5: 987 daAuts
     D:1: 840 daAuts
     D:4: 745 daAuts
    D:10: 727 daAuts
